 Dungeon Crawl Stone Soup version 0.13.0-9-gbc74161 (webtiles) character file.

3229 Malachi the Basher (level 9, -1/70 (71) HPs)
             Began as a Centaur Fighter on Oct 17, 2013.
             Was a Follower of Okawaru.
             Killed from afar by Erolcha (21 damage)
             ... with a wand of lightning
             ... on Level 8 of the Dungeon.
             The game lasted 00:20:04 (9988 turns).

Malachi the Basher (Centaur Fighter)                Turns: 9988, Time: 00:20:04

HP  -1/70 (71)   AC  9     Str 22      XL: 9   Next: 41%
MP   9/9         EV  2     Int 11      God: Okawaru [*.....]
Gold 478         SH 32     Dex  8      Spells:  0 memorised,  8 levels left

Res.Fire  : . . .   See Invis. : +   k - +1,+0 orc mace (drain)
Res.Cold  : . . .   Warding    : +   F - +0 orc chain mail
Life Prot.: + . .   Conserve   : .   f - +0 dwarf large shield
Res.Poison: .       Res.Corr.  : .   C - +0 wizard hat {Int+3}
Res.Elec. : .       Clarity    : .   b - +0 cloak
Sust.Abil.: . .     Spirit.Shd : .   (no gloves)
Res.Mut.  : .       Stasis     : .   (no barding)
Res.Rott. : .       Flight     : .   g - amulet of warding
Saprovore : . . .                    u - ring of see invisible
                                     (no ring)

@: very slightly contaminated, very quick, slightly resistant to hostile
enchantments, extremely unstealthy
A: hooves 3, deformed body, herbivore 1, speed 2, fast metabolism 1, tough skin
3
a: Heroism, Renounce Religion


You were on level 8 of the Dungeon.
You worshipped Okawaru.
Okawaru was aware of your devotion.
You were very hungry.

You visited 2 branches of the dungeon, and saw 10 of its levels.

You collected 458 gold pieces.

Inventory:

Hand weapons
 a - a +1,+0 mace
 e - a +0,-1 dire flail
 k - a +1,+0 orcish mace of draining (weapon)
 n - a +1,+2 bow of flame
 o - a +1,+0 whip of reaching
Missiles
 h - 11 poisoned needles
 s - 15 curare-tipped needles
 A - 31 arrows
 D - a throwing net (quivered)
Armour
 b - a +0 cloak (worn)
 c - a +1 shield
 f - a +0 dwarven large shield (worn)
 C - a +0 wizard hat of intelligence (worn)
 F - a +0 orcish chain mail (worn)
 G - a +0 helmet
Magical devices
 q - a wand of frost (3)
 L - a wand of magic darts (23)
 M - a wand of magic darts (15)
Comestibles
 d - 5 bread rations
 S - a meat ration
Scrolls
 l - 4 scrolls of enchant weapon I
 r - a scroll of curse armour
 y - 3 scrolls of teleportation
 H - a scroll of magic mapping {unknown}
 J - a scroll of amnesia
 N - 2 scrolls of remove curse
 O - a scroll of identify
 T - a scroll of enchant armour
Jewellery
 g - an amulet of warding (around neck)
 i - an uncursed ring of fire
 m - an uncursed ring of magical power
 u - a ring of see invisible (right hand)
 x - an uncursed amulet of clarity {unknown}
 E - an uncursed ring of fire
 P - an uncursed ring of wizardry {unknown}
 R - a cursed amulet of resist mutation {unknown}
Potions
 j - a potion of magic {unknown}
 p - a potion of poison {unknown}
 t - a potion of heal wounds
 v - a potion of paralysis
 z - 2 potions of speed {unknown}
 B - a potion of resistance {unknown}
 I - a potion of mutation {unknown}
 K - a potion of confusion {unknown}
Books
 Q - a book of Flames

   Spells                             Type                      Level
   Flame Tongue                       Conjuration/Fire             1
   Throw Flame                        Conjuration/Fire             2
   Conjure Flame                      Conjuration/Fire             3
   Inner Flame                        Hexes/Fire                   3
   Sticky Flame                       Conjuration/Fire             4
   Fireball                           Conjuration/Fire             5


   Skills:
 - Level 3.3 Fighting
 * Level 9.1 Maces & Flails
 - Level 2.0 Bows
 - Level 0.3 Throwing
 - Level 2.6 Armour
 - Level 0.7 Dodging
 + Level 6.2 Shields
 + Level 2.0 Evocations


You had 8 spell levels left.
You didn't know any spells.

Dungeon Overview and Level Annotations

Branches:
Dungeon (9/27)             Temple (1/1) D:5             Orc (0/4) D:9
   Lair: D:8-13

Altars:
Cheibriados
Elyvilon
Kikubaaqudgha
Makhleb
Nemelex Xobeh
Okawaru
Sif Muna
Vehumet
Xom
Yredelemnul
the Shining One

Shops:
D:5 +

Annotations:
D:4 1 exclusion
D:8 Erolcha, Gastronok


Innate Abilities, Weirdness & Mutations

You have hooves in place of feet.
Armour fits poorly on your strangely shaped body.
You digest meat inefficiently.
You cover ground very quickly.
You have a fast metabolism.
You have extremely tough skin (AC +3).


Message History

The orc shouts!
Erolcha zaps a wand.
The bolt of lightning hits you!
Erolcha zaps a wand.
The bolt of lightning hits you!
A giant frog comes into view.
The giant frog gives a loud, deep croak!
Erolcha zaps a wand.
The bolt of lightning hits you!
* * * LOW HITPOINT WARNING * * *
Read which item? (? for menu, Esc to quit)
Blink to where?
Press: ? - help, Dir - move target cursor
As you read the scroll of blinking, it crumbles to dust.
You are very lightly contaminated with residual magic.
You see here an arrow.
You see here an uncursed bow of flame.
There is a stone staircase leading up here.
You start resting.
Erolcha is nearby!
Erolcha is nearby!
Erolcha zaps a wand.
The bolt of lightning hits you!
You die...

#.......................
#.########.##......#####
#.# #.##......# #.#
#.##......# #.# #.##......#
#.########.##......########
#.#........O.(.............
#.#.######.###(#########...
#....#####@# #)# #...
#..........###.#########...
#.....................#####
#..........###........#
#.....####.# #........#
#.....# #.# #........#
#.....####.###........#####
#..........................
#....#####.###........#####


You could see Erolcha.

Vanquished Creatures
  The ghost of grisnicke the Martial Artist, an experienced GrFi of Okawaru (D:5)
  Edmund (D:5)
  Menkaure (D:5)
  2 wolves
  A necrophage (D:4)
  An ice beast (D:6)
  2 sky beasts (D:5)
  A black bear (D:6)
  3 ogres
  2 centaurs
  3 giant frogs
  Blork the orc (D:5)
  3 killer bees
  A crimson imp (D:8)
  A goliath beetle (D:6)
  A gnoll shaman (D:5)
  Grum (D:8)
  4 hounds
  3 jellies
  A centaur skeleton (D:6)
  Crazy Yiuf (D:4)
  2 iguanas (D:6)
  2 orc wizards (D:5)
  A worker ant (D:7)
  Ijyb (D:5)
  Jessica (D:3)
  A hound zombie (D:6)
  Terence (D:3)
  4 gnolls
  7 adders
  3 worms
  3 giant mites
  An inept item mimic (D:3)
  An adder skeleton (D:6)
  3 giant eyeballs
  4 giant geckos
  3 oozes
  8 orcs
  A ball python (D:4)
  5 giant cockroaches
  11 goblins
  12 hobgoblins
  12 kobolds
  3 quokkas
  9 bats
  8 giant newts
  A gnoll skeleton (D:4)
  9 jackals
  A jackal zombie (D:5)
  3 kobold skeletons
  An orc skeleton (D:8)
  10 rats
  2 rat skeletons
  2 ballistomycetes (D:7)
  A plant (D:7)
172 creatures vanquished.

Vanquished Creatures (others)
  A giant spore (D:7)
1 creature vanquished.

Grand Total: 173 creatures vanquished

Notes
Turn   | Place    | Note
--------------------------------------------------------------
     0 | D:1      | Malachi, the Centaur Fighter, began the quest for the Orb.
     0 | D:1      | Reached XP level 1. HP: 19/19 MP: 0/0
   320 | D:1      | Reached XP level 2. HP: 26/26 MP: 1/1
   688 | D:2      | Reached XP level 3. HP: 21/33 MP: 2/2
   876 | D:2      | Found a basalt altar of Yredelemnul.
   921 | D:2      | Found a shimmering altar of Xom.
  1014 | D:2      | Found a shimmering altar of Xom.
  1014 | D:2      | Found a shimmering altar of Xom.
  1015 | D:2      | Found a shimmering altar of Xom.
  1015 | D:2      | Found a shimmering altar of Xom.
  1015 | D:2      | Found a shimmering altar of Xom.
  1016 | D:2      | Found a shimmering altar of Xom.
  1016 | D:2      | Found a shimmering altar of Xom.
  1630 | D:3      | Reached XP level 4. HP: 34/39 MP: 2/2
  1921 | D:3      | Found a radiant altar of Vehumet.
  1921 | D:3      | Noticed Jessica
  1943 | D:3      | Killed Jessica
  2076 | D:3      | Noticed Terence
  2086 | D:3      | Killed Terence
  2882 | D:4      | Reached XP level 5. HP: 40/46 MP: 3/3
  3183 | D:5      | Entered Level 5 of the Dungeon
  3187 | D:5      | Found Fuliedus' Book Shop.
  3605 | D:4      | Noticed a necrophage
  3623 | D:4      | Killed a necrophage
  3623 | D:4      | Reached skill level 4 in Maces & Flails
  3623 | D:4      | Reached XP level 6. HP: 34/51 MP: 4/4
  4047 | D:5      | Noticed Menkaure
  4056 | D:5      | Killed Menkaure
  4288 | D:5      | Reached skill level 5 in Maces & Flails
  4288 | D:5      | Reached XP level 7. HP: 27/57 MP: 4/4
  4536 | D:5      | Noticed grisnicke's ghost (experienced GrFi)
  4838 | D:5      | Noticed Ijyb
  4846 | D:5      | Killed Ijyb
  4878 | D:5      | Noticed a sky beast
  4885 | D:5      | Killed a sky beast
  4896 | D:5      | Noticed Edmund
  5207 | D:5      | Killed Edmund
  5600 | D:5      | Killed grisnicke's ghost
  5600 | D:5      | Reached skill level 6 in Maces & Flails
  5600 | D:5      | Reached skill level 5 in Shields
  5600 | D:5      | Reached XP level 8. HP: 23/65 MP: 5/5
  5786 | D:5      | Found a staircase to the Ecumenical Temple.
  5803 | Temple   | Entered the Ecumenical Temple
  5822 | Temple   | Became a worshipper of Warmaster Okawaru
  6017 | D:5      | Found a sparkling altar of Nemelex Xobeh.
  6018 | D:5      | Found a shimmering altar of Xom.
  6044 | D:5      | Noticed Blork the orc
  6052 | D:5      | Killed Blork the orc
  6492 | D:4      | Noticed Crazy Yiuf
  6502 | D:4      | Killed Crazy Yiuf
  6647 | D:6      | Got an ancient scale mail
  6667 | D:6      | Identified the cursed -4 scale mail of Teil {Dex+1} (You found it on level 6 of the Dungeon)
  6975 | D:6      | Reached skill level 1 in Evocations
  7201 | D:6      | Paralysed by a giant eyeball for 2 turns
  7206 | D:6      | Reached skill level 7 in Maces & Flails
  7212 | D:6      | Paralysed by a giant eyeball for 2 turns
  7624 | D:6      | Reached skill level 1 in Bows
  8183 | D:6      | Reached skill level 8 in Maces & Flails
  8183 | D:6      | Reached XP level 9. HP: 70/70 MP: 8/8
  8887 | D:7      | Paralysed by a potion of paralysis for 7 turns
  8893 | D:7      | HP: 3/70 [poisoned by a killer bee]
  9081 | D:7      | Paralysed by a giant eyeball for 2 turns
  9193 | D:8      | Noticed Gastronok
  9222 | D:8      | Noticed Grum
  9228 | D:8      | Acquired Okawaru's first power
  9246 | D:9      | Found a staircase to the Orcish Mines.
  9446 | D:8      | Killed Grum
  9551 | D:8      | Noticed Erolcha
  9808 | D:8      | Reached skill level 9 in Maces & Flails
  9988 | D:8      | Killed from afar by Erolcha

Action                   |  1- 3 |  4- 6 |  7- 9 || total
-------------------------+-------+-------+-------++-------
Melee: Mace              |   117 |   151 |   288 ||   556
       Whip              |       |    36 |       ||    36
       Dire flail        |       |       |    49 ||    49
 Fire: Bow               |       |       |    10 ||    10
Throw: Throwing net      |       |       |     2 ||     2
Evoke: Wand              |       |       |    10 ||    10
  Use: Scroll            |     6 |     4 |     6 ||    16
       Potion            |       |     2 |     4 ||     6
